 Dungeon Crawl Stone Soup version 0.25.0-10-g039870ee82 (webtiles) character file.

Game seed: 7509294335574660205

3390 Matador8 the Charmwright (level 10, -5/87 HPs)
             Began as a Naga Skald on June 22, 2020.
             Was a Priest of Cheibriados.
             Slain by an eight-headed hydra (8 damage)
             ... on level 8 of the Dungeon.
             The game lasted 00:55:32 (10695 turns).

Matador8 the Charmwright (Naga Skald)              Turns: 10695, Time: 00:55:34

Health: -5/87      AC: 14    Str: 24    XL:     10   Next: 4%
Magic:  2/14       EV: 14    Int: 23    God:    Cheibriados [***...]
Gold:   363        SH:  0    Dex: 18    Spells: 3/13 levels left

rFire    . . .     SeeInvis +   J - +2 trident (protect)
rCold    + . .     Gourm    .   (no shield)
rNeg     . . .     Faith    .   b - +0 leather armour
rPois    +         Spirit   .   p - +0 helmet
rElec    .         Reflect  .   (no cloak)
rCorr    .         Harm     .   w - +0 pair of gloves
MR       +....                  (no barding)
Stlth    +++.......             (no amulet)
HPRegen  0.24/turn              i - ring of protection from cold
MPRegen  0.14/turn              n - +4 ring of evasion

@: icy armour, very slow
A: large, see invisible, deformed body, poison resistance, slowness 2, slow
metabolism 1, spit poison 1, AC +3
a: Spit Poison, Bend Time, Temporal Distortion, Renounce Religion


You were on level 8 of the Dungeon.
You worshipped Cheibriados.
Cheibriados was most pleased with you.
You were not hungry.

You visited 1 branch of the dungeon, and saw 8 of its levels.

You collected 363 gold pieces.

Inventory:

Hand Weapons
 g - a +3 halberd
 D - a +0 trident
 J - a +2 trident of protection (weapon)
Missiles
 v - 8 atropa-tipped darts
 z - 3 javelins
 H - a throwing net (quivered)
Armour
 b - a +0 leather armour (worn)
 p - a +0 helmet (worn)
 t - a +0 kite shield
 w - a +0 pair of gloves (worn)
 T - a +1 scale mail of fire resistance
Jewellery
 i - a ring of protection from cold (left hand)
 n - a +4 ring of evasion (right hand)
 s - an uncursed ring of fire
 C - an uncursed amulet of faith
 N - a cursed ring of teleportation {unknown}
 R - a +4 ring of evasion
 S - a cursed ring of attention {unknown}
Wands
 y - a wand of enslavement (4)
 L - a wand of polymorph (7)
 P - a wand of iceblast (8)
Scrolls
 h - 3 scrolls of enchant armour
 j - 2 scrolls of immolation {unknown}
 l - 3 scrolls of noise {unknown}
 q - 2 scrolls of teleportation {unknown}
 u - 8 scrolls of remove curse
 x - 4 scrolls of fog {unknown}
 E - a scroll of random uselessness {unknown}
 F - 2 scrolls of enchant weapon {unknown}
 G - 2 scrolls of identify
 I - a scroll of blinking {unknown}
 K - a scroll of acquirement {unknown}
 M - a scroll of magic mapping {unknown}
 Q - a scroll of amnesia {unknown}
Potions
 a - a potion of cancellation {unknown}
 c - a potion of might
 e - 3 potions of heal wounds {unknown}
 f - a potion of brilliance {unknown}
 k - 3 potions of lignification {unknown}
 m - a potion of haste {unknown}
 o - 7 potions of curing
 r - 2 potions of stabbing {unknown}
 A - a potion of berserk rage {unknown}
 B - 3 potions of mutation {unknown}
 O - a potion of magic {unknown}
 U - a potion of degeneration {unknown}
Comestibles
 d - 8 rations


   Skills:
 + Level 4.7 Fighting
 - Level 6.7 Polearms
 - Level 0.7 Armour
 - Level 1.5 Dodging
 + Level 7.0 Stealth
 - Level 2.0 Spellcasting
 - Level 3.1 Hexes
 - Level 7.4 Charms
 - Level 2.1 Necromancy
 - Level 2.3 Translocations
 - Level 3.0 Ice Magic
 + Level 5.8 Invocations


You had 3 spell levels left.
You knew the following spells:

 Your Spells              Type           Power        Failure   Level  Hunger
a - Infusion              Chrm           ####         1%          1    #......
b - Shroud of Golubria    Chrm/Tloc      ###...       3%          2    ##.....
c - Spectral Weapon       Hex/Chrm       ####....     4%          3    ###....
d - Ozocubu's Armour      Chrm/Ice       ####....     5%          3    ###....
e - Animate Skeleton      Necr           N/A          6%          1    #......

Your spell library contained the following spells:

 Spells                   Type           Power        Failure   Level  Hunger
 Song of Slaying          Chrm           #####...     1%          2    ##.....
 Pain                     Necr           ##..         6%          1    #......
 Vampiric Draining        Necr           ##........   19%         3    ###....
 Animate Dead             Necr           N/A          52%         4    #####..
 Agony                    Necr           ##......     86%         5    ######.


Dungeon Overview and Level Annotations

Branches:
Dungeon (8/15)             Temple (0/1) D:7
   Lair: D:8-11

Altars:
Cheibriados
Elyvilon
Fedhas
Sif Muna
Zin

Shops:
D:4 =   D:7 *


Innate Abilities, Weirdness & Mutations

You cannot wear boots.
Your serpentine skin is tough. (AC +3)
You have supernaturally acute eyesight. (SInv)
Armour fits poorly on your strangely shaped body.
Your system is resistant to poisons. (rPois)
You cover ground very slowly.
You have a slow metabolism.
You can spit poison.


Message History

The eight-headed hydra bites you but does no damage.
The eight-headed hydra bites you.
* * * LOW HITPOINT WARNING * * *
The eight-headed hydra closely misses you.
Okay, then.
Unknown command.
The flow of time bends around you.
The eight-headed hydra resists with some effort.
You feel slightly more hungry.
The eight-headed hydra bites you but does no damage.
The eight-headed hydra misses you. The eight-headed hydra bites you.
* * * LOW HITPOINT WARNING * * *
The eight-headed hydra bites you.
* * * LOW HITPOINT WARNING * * *
The eight-headed hydra bites you but does no damage.
The eight-headed hydra bites you.
* * * LOW HITPOINT WARNING * * *
The eight-headed hydra closely misses you.
The eight-headed hydra bites you!
You die...

#.# #....8####8...##.#.#.#.#
#.# ##...'....'.....#.#.#.#.
#.# #...8#..#8....#.#.#.#.#
#.# #.####''####...#.#.#.#.
#.# #.#⌠.#..# #.##.#.#.#.# #.#
#.#..#..# #.#.#.#.#.#.
##.#####.#._#..# #.##.#.#.#.#
#........#..#..#..#...#.#.#.#.
########.##..@D..##.##.#.#.#.#
#..########..#.#.#.#.#.
#............##.#.#.#.#
#####..#######.#.#.#.#.
###.#########.#.#.#.#
#.........##.#.#.#.#.
#.........###.#.#.#.#
#............#.#.#.#.
#.........###.#.#.#.#


You could see an eight-headed hydra.

Vanquished Creatures
  A hornet (D:8)
  A meliai (shapeshifter) (D:8)
  Sigmund (D:5)
  An acid dragon (D:8)
  An orc warrior (D:6)
  2 ice beasts (D:8)
  2 sky beasts
  A necrophage (D:8)
  3 ogres
  Blork the orc (D:5)
  2 bullfrogs (D:7)
  A gnoll sergeant (D:5)
  A wyvern zombie (D:7)
  4 scorpions
  9 wights (D:7)
  2 howler monkeys (D:7)
  4 crimson imps
  4 hounds
  A jelly (D:6)
  A quasit (D:8)
  An orc priest (D:2)
  3 bullfrog skeletons
  3 orc wizards
  2 iguanas
  Ijyb (D:3)
  4 worker ants
  A killer bee zombie (D:7)
  An adder (D:2)
  10 gnolls
  4 shadow imps
  An adder zombie (D:8)
  3 dart slugs
  8 leopard geckos
  18 orcs
  3 giant cockroaches
  7 goblins
  7 hobgoblins
  3 quokkas
  3 ball pythons
  7 bats
  4 frilled lizards
  6 kobolds
  A leopard gecko skeleton (D:6)
  6 rats
150 creatures vanquished.

Vanquished Creatures (others)
  2 fungi (D:2)
  A spectral weapon (D:7)
3 creatures vanquished.

Grand Total: 153 creatures vanquished

Notes
Turn   | Place    | Note
-------+----------+-------------------------------------------
     0 | D:1      | Matador8 the Naga Skald began the quest for the Orb.
     0 | D:1      | Reached XP level 1. HP: 19/19 MP: 3/3
   135 | D:1      | Reached skill level 1 in Stealth
   370 | D:1      | Reached XP level 2. HP: 26/26 MP: 0/5
   970 | D:1      | Reached XP level 3. HP: 31/32 MP: 0/6
  1595 | D:2      | Learned a level 2 spell: Shroud of Golubria
  2009 | D:2      | Reached skill level 1 in Translocations
  2188 | D:2      | Reached XP level 4. HP: 39/39 MP: 7/7
  2380 | D:2      | Found a blossoming altar of Fedhas.
  2519 | D:2      | Noticed an ogre
  2530 | D:2      | Killed an ogre
  2530 | D:2      | Reached XP level 5. HP: 15/45 MP: 4/8
  4077 | D:3      | Noticed Ijyb
  4102 | D:3      | Paralysed by Ijyb for 6 turns
  4131 | D:3      | Killed Ijyb
  4131 | D:3      | Reached XP level 6. HP: 29/52 MP: 2/9
  4731 | D:4      | Reached skill level 5 in Stealth
  4825 | D:4      | Reached XP level 7. HP: 26/60 MP: 0/10
  5004 | D:3      | Learned a level 3 spell: Spectral Weapon
  5203 | D:4      | Found a snail-covered altar of Cheibriados.
  5221 | D:4      | Became a worshipper of Cheibriados the Contemplative
  5407 | D:4      | Reached skill level 1 in Hexes
  5884 | D:4      | Reached * piety under Cheibriados
  5972 | D:4      | Found Biyzeise's Jewellery Shop.
  6098 | D:5      | Entered Level 5 of the Dungeon
  6140 | D:5      | Learned a level 3 spell: Ozocubu's Armour
  6182 | D:5      | Reached skill level 5 in Polearms
  6192 | D:5      | Reached skill level 1 in Ice Magic
  6432 | D:5      | Noticed Sigmund
  6736 | D:6      | Reached XP level 8. HP: 59/67 MP: 8/11
  7026 | D:5      | Killed Sigmund
  7026 | D:5      | Reached skill level 5 in Charms
  7026 | D:5      | Reached skill level 1 in Invocations
  7422 | D:5      | Noticed Blork the orc
  7435 | D:5      | Killed Blork the orc
  7435 | D:5      | Reached ** piety under Cheibriados
  8387 | D:7      | Found a white marble altar of Elyvilon.
  8499 | D:7      | Found a staircase to the Ecumenical Temple.
  8556 | D:7      | Reached XP level 9. HP: 67/73 MP: 8/12
  8852 | D:7      | Reached *** piety under Cheibriados
  9081 | D:7      | Found Sischaan's Assorted Antiques.
  9262 | D:7      | Found a shimmering blue altar of Sif Muna.
  9390 | D:8      | Learned a level 1 spell: Animate Skeleton
  9410 | D:8      | Reached skill level 1 in Necromancy
  9451 | D:8      | Found a large runed translucent door.
  9451 | D:8      | Found a large runed translucent door.
  9452 | D:8      | Noticed a queen bee
  9459 | D:8      | Noticed a komodo dragon
  9466 | D:8      | Noticed a meliai
  9466 | D:8      | a komodo dragon changed into a meliai
  9475 | D:8      | Killed a meliai
  9488 | D:8      | Reached skill level 5 in Invocations
  9699 | D:8      | Noticed a hornet
  9707 | D:8      | Killed a hornet
  9969 | D:8      | Found Abullun's Antique Armour Boutique.
 10669 | D:8      | Reached XP level 10. HP: 87/87 MP: 14/14
 10678 | D:8      | Found a glowing silver altar of Zin.
 10690 | D:8      | Noticed an eight-headed hydra
 10695 | D:8      | HP: 3/87 [eight-headed hydra (5)]
 10695 | D:8      | Slain by an eight-headed hydra

Illustrated notes

Levels and vault maps discovered:
D:1:      mrwooster_arrival_statue_3, layout_basic, serial_bayou,
          serial_bayou_shore_a, serial_bayou_lake_a, serial_bayou_crossing,
          serial_bayou_ford_a, minmay_unequal
D:2:      layout_basic, st_stairs_3, minmay_misc_feat_enclosed, fedhas_altar_3
D:3:      layout_rooms, uniq_ijyb
D:4:      minmay_general_purpose_star, layout_cave_pods, serial_shops,
          nicolae_shop_trees, first_ration, nrook_mini_vaults,
          kennysheep_slug_shrine
D:5:      layout_rooms, uniq_blork_the_orc, uniq_sigmund
D:6:      layout_basic
D:7:      layout_loops_ring, elyvilon_altar_5, temple_statues, serial_shops,
          shop_fountains, basic_altar
D:8:      layout_basic, serial_shops, nicolae_shop_behind_doors,
          jmf_multi_god_temple2

Skill      XL: |  1  2  3  4  5  6  7  8  9 10 |
---------------+-------------------------------+-----
Stealth        | 1 2 3 4 5 6 7 |  7.0
Translocations | 1 2 |  2.3
Polearms       | 3 4 5 6 |  6.7
Charms         | 4 6 7 |  7.4
Hexes          | 2 3 |  3.1
Ice Magic      | 2 3 |  3.0
Invocations    | 3 5 |  5.8
Fighting       | 4 |  4.7
Necromancy     | 2 |  2.1
Armour         | |  0.7
Dodging        | |  1.5
Spellcasting   | |  2.0

Action                   |  1- 3 |  4- 6 |  7- 9 | 10-12 || total
-------------------------+-------+-------+-------+-------++-------
Melee: Spear             |   119 |    75 |    48 |       ||   242
       Trident           |       |       |   328 |     4 ||   332
 Cast: Infusion          |    17 |     8 |    10 |       ||    35
       Shroud of Golubri |       |     4 |    11 |       ||    15
       Spectral Weapon   |       |       |    19 |     1 ||    20
       Ozocubu's Armour  |       |       |     2 |     3 ||     5
Invok: Bend Time         |       |       |     5 |     1 ||     6
 Abil: Spit Poison       |     4 |    17 |    33 |       ||    54
Evoke: Wand              |       |       |       |     2 ||     2
  Use: Scroll            |       |       |     4 |       ||     4
       Potion            |       |       |     2 |       ||     2
 Stab: Sleeping          |     4 |     2 |     7 |       ||    13
       Distracted        |       |       |     3 |       ||     3
  Eat: Chunk             |     3 |     8 |    11 |       ||    22
       Ration            |       |       |     2 |     1 ||     3
Armor: Leather armour    |    24 |    19 |   105 |    10 ||   158
Dodge: Dodged            |    44 |    23 |   171 |    14 ||   252
